 Dungeon Crawl Stone Soup version 0.31-a0-640-g39d97e502b (webtiles) character file.

Game seed: 8571959360272917439

100 senseless the Changeling (level 4, -2/29 HPs)
             Began as an Octopode Shapeshifter on Aug 28, 2023.
             Was a Plaything of Xom.
             Killed from afar by Natasha (6 damage)
             ... with a magic dart
             ... on level 2 of the Dungeon.
             The game lasted 00:03:14 (1134 turns).

senseless the Changeling (Octopode Shapeshifter)    Turns: 1134, Time: 00:03:16

Health: -2/29      AC:  1    Str: 15    XL:     4   Next: 73%
Magic:  11/13      EV: 13    Int: 12    God:    Xom [..*...]
Gold:   88         SH:  0    Dex: 11    Spells: 3/3 levels left

rFire   . .          .
                       - Unarmed
rCold   . . .        (no shield)
rNeg    . . .        (helmet currently unavailable)
rPois   .            (no amulet)
rElec   .            j - ring of magical power
rCorr   .            (no ring)
SInv    .            (no ring)
Will    .....        (no ring)
Stlth   ++           (no ring)
HPRegen 0.24/turn    (no ring)
MPRegen 0.13/turn    (no ring)
                     (no ring)

%: no passive effects
@: mighty, brilliant, beast-form
A: beast (slay +2), almost no armour, amphibious, 8 rings, camouflage 1,
gelatinous body 1, (nimble swimmer 1), tentacles
a: Begin Untransformation, Renounce Religion


You were on level 2 of the Dungeon.
You worshipped Xom.
You were a toy of Xom.
You were a hulking beast.
You visited 1 branch of the dungeon, and saw 2 of its levels.

You collected 88 gold pieces.

Inventory:

Missiles
 f - 3 curare-tipped darts
 g - 3 poisoned darts (quivered)
Jewellery
 j - a ring of magical power (left tentacle)
Talismans
 b - a beast talisman (active)
 c - a flux talisman
Scrolls
 h - a scroll of teleportation {unknown}
 i - a scroll of revelation {unknown}
Potions
 a - a potion of lignification
 d - a potion of curing {unknown}
 e - a potion of invisibility


   Skills:
 + Level 2.0 Fighting
 + Level 2.7 Dodging
 + Level 3.5 Unarmed Combat
 * Level 3.9 Shapeshifting


You had 3 spell levels left.
You didn't know any spells.
Your spell library contained the following spells:

 Spells                   Type           Power      Damage    Failure   Level
 Slow                     Hex            0%         N/A       32%         1
 Confusing Touch          Hex            0%         N/A       69%         3
 Vampiric Draining        Necr           0%         2d6       69%         3


Dungeon Overview and Level Annotations

Branches:
Dungeon (2/15)

Altars:
Xom

Shops:
D:1 [*

Annotations:
D:2 Natasha


Innate Abilities, Weirdness & Mutations

You are a hulking beast.
Your limbs bulge with bestial killing power. (Slay +2)
You cannot wear most types of armour.
You are amphibious.
You can wear up to eight rings at the same time.
Your skin changes colour to match your surroundings (Stealth+).
Your rubbery body absorbs attacks. (AC +1, EV +1)
((You are camouflaged when in or above water. (Stealth+)))
You have tentacles for arms and can constrict up to eight enemies at once.


Message History

You throw a poisoned dart.
The poisoned dart misses the cerulean imp.
Xom grants you a minor favour.
You feel clever all of a sudden.
The cerulean imp hits you with a +2 spear!
You completely miss the cerulean imp. You grab the cerulean imp.
You constrict the cerulean imp. Natasha barely misses you.
The cerulean imp hits you with a +2 spear.
You tentacle-slap the cerulean imp but do no damage.
Your squeeze misses the cerulean imp.
The cerulean imp is lightly wounded.
You constrict the cerulean imp. The adder closely misses you.
Natasha completely misses you. The cerulean imp completely misses you.
The adder closely misses you.
You closely miss Natasha. You grab Natasha. You squeeze Natasha!
Natasha is heavily wounded.
You constrict Natasha.
You constrict the cerulean imp, but do no damage.
Natasha closely misses you. The cerulean imp misses you. The adder misses you.
You tentacle-slap Natasha but do no damage.
Natasha is heavily wounded.
You constrict Natasha.
You constrict the cerulean imp. "Go forth and cause havoc, mortal!"
You feel very mighty all of a sudden.
Natasha stares at you and mumbles some strange words.
The magic dart hits you!
* * * LOW HITPOINT WARNING * * *
The cerulean imp hits you with a +2 spear.
* * * LOW HITPOINT WARNING * * *
The adder closely misses you.
You barely miss Natasha.
Natasha is severely wounded.
You constrict Natasha, but do no damage.
You constrict the cerulean imp. The adder bites you.
* * * LOW HITPOINT WARNING * * *
Natasha stares at you and mumbles some strange words.
The magic dart hits you.
You die...
Natasha begins licking her fur clean.
Xom howls with laughter!

#....# #....# ######...
.....#.#+# .......#.#
###### ######...##
....(# ......[...#
###....(# #####.#...#
#..S....## #.#....##
#.h5....(. #.#......##
#..h......
#.#.....#..###...####..
#.#.........[.'.........
.#......#######...####..
#.......# #...# ........
#.?.# ........# #####
........# ######


You could see Natasha, a cerulean imp (summoned) and an adder.

Vanquished Creatures
  Natasha (twice) (D:2)
  2 adders (D:2)
  2 bats
  5 endoplasms
  6 goblins
  2 hobgoblins
  6 kobolds
  3 ball pythons (D:1)
  A frilled lizard (D:1)
  A rat (D:1)
30 creatures vanquished.

Notes
Turn   | Place    | Note
-------+----------+-------------------------------------------
     0 | D:1      | senseless the Octopode Shapeshifter began the quest for the
                  | Orb.
     0 | D:1      | Reached XP level 1. HP: 13/13 MP: 1/1
    21 | D:1      | Found Yshuo's Antique Armour Emporium.
    94 | D:1      | Found Piefex's General Store.
    96 | D:1      | Reached XP level 2. HP: 18/18 MP: 2/2
   465 | D:1      | Found a faded altar of an unknown god.
   484 | D:1      | Prayed at the altar of an unknown god.
   484 | D:1      | Became a worshipper of Xom of Chaos
   620 | D:2      | Reached XP level 3. HP: 23/23 MP: 3/3
   675 | D:2      | Noticed Natasha
   683 | D:2      | Killed Natasha
   684 | D:2      | Reached XP level 4. HP: 10/29 MP: 4/4
   847 | D:2      | Noticed Natasha
   852 | D:2      | Killed Natasha
  1124 | D:2      | Noticed Natasha
  1128 | D:2      | XOM: potion effect (brilliance)
  1133 | D:2      | XOM: potion effect (might)
  1134 | D:2      | Killed from afar by Natasha

Illustrated notes

Levels and vault maps discovered:
D:1:      matt_arrival_los_fun, layout_basic,
          ebering_ecumenical_altar_abandoned, serial_shops, shop, shop,
          minmay_tiny_reverse_x
D:2:      wad_pebble_path, layout_basic, hex_tiny, grunt_ministairs_6,
          uniq_natasha

Skill      XL: |  1  2  3  4 |
---------------+-------------+-----
Fighting       | 2 |  2.0
Dodging        | |  2.7
Unarmed Combat | |  3.5
Shapeshifting  | |  3.9

Action                     |  1- 3 |  4- 6 || total
---------------------------+-------+-------++-------
  Melee: Unarmed           |    33 |    17 ||    50
         Tentacles         |     8 |     5 ||    13
         Constrict         |    10 |     4 ||    14
         Punch             |     1 |     1 ||     2
  Throw: Dart              |     3 |     6 ||     9
    Use: Scroll            |     2 |     2 ||     4
   Stab: Sleeping          |     2 |     1 ||     3
 Armour: Skin              |     4 |       ||     4
  Dodge: Dodged            |    19 |    10 ||    29

Table legend: (Time is in decaauts)
 A = Elapsed time spent in this place.
 B = Non-inter-level travel time spent in this place.
 C = Inter-level travel time spent in this place.
 D = Time resting spent in this place.
 E = Time spent auto-exploring this place.
 F = Levels seen in this place.
 G = Mean time per level.
                   A        B        C        D        E       F      G
               +--------+--------+--------+--------+--------+-----+--------+
         Total |   1130 |   1103 |     27 |      0 |    924 |   2 |  565.0 |
       Dungeon |   1130 |   1103 |     27 |      0 |    924 |   2 |  565.0 |
               +--------+--------+--------+--------+--------+-----+--------+

Top non-repeatable levels by time:
     D:1: 594 daAuts
     D:2: 535 daAuts
